 Dungeon Crawl Stone Soup version 0.20.1-1-g8b1a95d (webtiles) character file.

1610 Irenicus the Martial Artist (level 8, -1/46 HPs)
             Began as an Octopode Chaos Knight on Oct 13, 2017.
             Slain by a wight
             ... wielding a +3 short sword
              (9 damage)
             ... on level 6 of the Dungeon.
             The game lasted 00:11:21 (4514 turns).

Irenicus the Martial Artist (Octopode Chaos Knight) Turns: 4514, Time: 00:11:22

Health: -1/46      AC:  1    Str: 11    XL:     8   Next: 95%
Magic:  8/8        EV: 13    Int: 14    God:    Xom [..*...]
Gold:   196        SH:  0    Dex: 14    Spells: 7/7 levels left

rFire    . . .     SeeInvis +     - Unarmed
rCold    . . .     Gourm    .   (no shield)
rNeg     . . .     Faith    .   (helmet restricted)
rPois    .         Spirit   .   (no amulet)
rElec    .         Reflect  .   (no ring)
rCorr    .         Harm     .   s - ring of see invisible
MR       .....                  (no ring)
Stlth    ++........             (no ring)
Regen    0.2/turn               (no ring)
MPRegen  0.2/turn               (no ring)
                                (no ring)
                                (no ring)

@: drained
A: almost no armour, stealthy swim, amphibious, 8 rings, constrict 8, camouflage
1, frail 1, gelatinous body 1
a: Renounce Religion


You were on level 6 of the Dungeon.
You worshipped Xom.
You were a toy of Xom.
You were very hungry.

You visited 1 branch of the dungeon, and saw 6 of its levels.

You collected 196 gold pieces.

Inventory:

Jewellery
 s - a ring of see invisible (right tentacle)
Wands
 m - a wand of scattershot (0/9)
 p - a wand of confusion (23/48)
Scrolls
 b - a scroll of blinking
 c - 2 scrolls of magic mapping {unknown}
 d - 2 scrolls of fog {unknown}
 e - 2 scrolls of remove curse
 h - 2 scrolls of identify {unknown}
 j - a scroll of enchant weapon {unknown}
 l - a scroll of enchant armour {unknown}
 r - a scroll of amnesia {unknown}
 u - a scroll of noise {unknown}
Potions
 g - 2 potions of might
 i - a potion of heal wounds {unknown}
 k - a potion of invisibility {unknown}
 n - 2 potions of magic {unknown}
 t - 2 potions of haste {unknown}
Comestibles
 a - 4 bread rations
 f - 2 fruits
 o - 3 meat rations
 q - a royal jelly


   Skills:
 - Level 3.0(2.2) Fighting
 - Level 2.3(1.6) Dodging
 + Level 11.1(10.2) Unarmed Combat
 - Level 1.0(0.3) Evocations


You had 7 spell levels left.
You didn't know any spells.

Dungeon Overview and Level Annotations

Branches:
Dungeon (6/15)
 Temple: D:4-7

Altars:
Cheibriados
Qazlal
Ru
Xom
The Shining One

Annotations:
D:4 bmj180's ghost, novice HOFi


Innate Abilities, Weirdness & Mutations

You cannot wear most types of armour.
You are very stealthy in the water. (Stealth+)
You are amphibious.
You can wear up to eight rings at the same time.
You can use your tentacles to constrict eight enemies at once.
Your skin changes colour to match your surroundings (Stealth+).
Your rubbery body absorbs attacks. (AC +1, EV +1)
You are frail. (-10% HP)


Message History

* * * LOW HITPOINT WARNING * * *
You feel drained.
Your iron imp hits the wight but does no damage.
The wight barely misses you.
You tentacle-slap the wight but do no damage.
You grab the wight.
You tentacle-slap the wight, but do no damage.
You squeeze the wight!
The wight is severely damaged.
You constrict the wight, but do no damage.
Your iron imp hits the wight.
The wight is destroyed!
You barely miss the wight. Your grab misses the wight.
Your squeeze misses the wight.
The wight is moderately damaged.
You closely miss the wight. Your grab misses the wight. You squeeze the wight.
The wight is severely damaged.
The wight hits you with an enchanted short sword!
You die... "What!?
That's it?"

#...............#.# ####
#.######......#.#.####.....#
#.# ####....................
#.# #......................#
#.# #.......#..............#
#.# #.......#.#.....#<.....#
#.###.......#.#..##.#......#
#..........z#.#..#..#.......
####.......@#...............
#.#.....5.....#......#.#.
#.#...))......#..###...#.
#.#........>.............
#.#.....#..#..####.......
#.#.#...####..####..<#.##
#.#.#................#.#
#.#................###.#
#.#.....................


You could see a wight and a friendly iron imp.

Vanquished Creatures
  Grinder (D:3)
  Sigmund (D:2)
  Menkaure (D:5)
  A centaur (D:4)
  3 phantoms
  2 wights (D:6)
  A crimson imp (D:5)
  2 hounds
  An orc priest (D:5)
  A centaur zombie (D:5)
  5 orc wizards
  Natasha (thrice) (D:4)
  An iguana (D:4)
  Ijyb (D:3)
  2 worker ants
  A hound zombie (D:5)
  9 adders
  A shadow imp (D:5)
  2 oozes
  5 worms
  3 dart slugs
  2 leopard geckos
  10 orcs
  6 giant cockroaches
  7 goblins
  10 hobgoblins
  5 quokkas
  6 bats
  3 frilled lizards
  6 kobolds
  A leopard gecko skeleton (D:5)
  5 rats
108 creatures vanquished.

Vanquished Creatures (collateral kills)
  A wight (D:6)
1 creature vanquished.

Grand Total: 109 creatures vanquished

Notes
Turn   | Place    | Note
-------+----------+-------------------------------------------
     0 | D:1      | Irenicus the Octopode Chaos Knight began the quest for the Orb.
     0 | D:1      | Reached XP level 1. HP: 16/16 MP: 1/1
    35 | D:1      | XOM: potion effect (berserk rage)
   111 | D:1      | Reached XP level 2. HP: 17/21 MP: 2/2
   223 | D:1      | XOM: harmless Air miscast
   235 | D:1      | XOM: harmless Erth miscast
   461 | D:1      | XOM is BORED!
   461 | D:1      | XOM: harmless Erth miscast
   553 | D:1      | Reached skill level 4 in Unarmed Combat
   574 | D:1      | Reached XP level 3. HP: 25/26 MP: 3/3
   677 | D:1      | XOM: mild Fire miscast
   709 | D:2      | Noticed Sigmund
   729 | D:2      | XOM: butterfly on damage
   729 | D:2      | XOM: smoke on damage
   730 | D:2      | XOM: butterfly on damage
   804 | D:2      | XOM: divination: detect items
   949 | D:2      | XOM: divination: magic mapping
   992 | D:2      | XOM: harmless Fire miscast
  1036 | D:2      | Reached XP level 4. HP: 22/31 MP: 4/4
  1257 | D:2      | Reached skill level 5 in Unarmed Combat
  1297 | D:2      | Found a stormy altar of Qazlal.
  1318 | D:2      | XOM: harmless Erth miscast
  1654 | D:3      | Noticed Grinder
  1657 | D:3      | Killed Grinder
  1657 | D:3      | Reached skill level 7 in Unarmed Combat
  1657 | D:3      | Reached XP level 5. HP: 36/36 MP: 5/5
  1657 | D:3      | Reached XP level 6. HP: 42/42 MP: 6/6
  1704 | D:3      | Found a glowing golden altar of the Shining One.
  1780 | D:3      | Found a snail-covered altar of Cheibriados.
  1849 | D:3      | Noticed Ijyb
  1864 | D:3      | Killed Ijyb
  1951 | D:4      | Noticed a phantom
  1958 | D:4      | XOM: god gift: scroll labeled ESAFITZ ILANAZ {god gift}
  1964 | D:4      | Noticed Natasha
  1969 | D:4      | XOM: mild Ice miscast
  1975 | D:4      | Noticed bmj180's ghost (novice HOFi)
  2032 | D:4      | Killed Natasha
  2032 | D:4      | Reached XP level 7. HP: 7/46 MP: 7/7
  2326 | D:4      | XOM: harmless Hex miscast
  2358 | D:4      | Reached skill level 8 in Unarmed Combat
  2453 | D:4      | XOM: cast spell 'Alistair's Intoxication'
  2463 | D:4      | XOM: divination: detect creatures
  2473 | D:5      | Entered Level 5 of the Dungeon
  2491 | D:5      | Found a shimmering altar of Xom.
  2504 | D:5      | Noticed Menkaure
  2522 | D:5      | Killed Menkaure
  2554 | D:5      | Found a sacrificial altar of Ru.
  2788 | D:5      | Reached skill level 9 in Unarmed Combat
  2983 | D:5      | XOM: noise
  2986 | D:5      | Reached XP level 8. HP: 34/52 MP: 8/8
  3192 | D:3      | XOM: give mutations
  3192 | D:3      | Gained mutation: You are frail. (-10% HP) [Xom's mischief]
  3192 | D:3      | Gained mutation: Your body sometimes deteriorates upon taking damage. [Xom's mischief]
  3192 | D:3      | Lost mutation: Your body sometimes deteriorates upon taking damage. [Xom's mischief]
  3220 | D:2      | XOM: chaos upgrade
  3224 | D:2      | Killed Sigmund
  3259 | D:4      | Reached skill level 10 in Unarmed Combat
  3390 | D:4      | XOM: summons friendly shadow imp
  3419 | D:4      | XOM: swap monsters
  3465 | D:4      | Noticed Natasha
  3476 | D:4      | Killed Natasha
  3531 | D:4      | XOM: noise
  3565 | D:4      | XOM: polymorph worker ant -> worm
  3605 | D:4      | Noticed Natasha
  3610 | D:4      | Killed Natasha
  4193 | D:5      | Reached skill level 1 in Evocations
  4485 | D:6      | XOM: noise
  4486 | D:6      | XOM: swap monsters
  4497 | D:6      | XOM: summons 2 friendly demons
  4501 | D:6      | Reached skill level 11 in Unarmed Combat
  4508 | D:6      | XOM: blink monster(s)
  4514 | D:6      | Slain by a wight

Skill      XL: |  1  2  3  4  5  6  7  8 |
---------------+-------------------------+-----
Unarmed Combat | 4 7 9 11 | 11.1
Evocations     | 1 |  1.0
Fighting       | |  3.0
Dodging        | |  2.3

Action                   |  1- 3 |  4- 6 |  7- 9 || total
-------------------------+-------+-------+-------++-------
Melee: Unarmed           |    69 |    71 |   147 ||   287
       Constrict         |    25 |    18 |    28 ||    71
       Tentacles         |    12 |    18 |    35 ||    65
       Punch             |     2 |     2 |     7 ||    11
Evoke: Wand              |       |     3 |     1 ||     4
  Use: Scroll            |       |     2 |     2 ||     4
       Potion            |       |     1 |     1 ||     2
 Stab: Sleeping          |     8 |     4 |     4 ||    16
  Eat: Chunk             |       |     4 |     6 ||    10
Armor: Skin              |     5 |     4 |       ||     9
Dodge: Dodged            |    33 |    33 |    78 ||   144
